[Event "94th Tradewise Hastings Congress"]
[Site "Hastings"]
[Date "2018.12.28"]
[Round "1"]
[White "Williams, Simon K"]
[Black "Willow, Jonah B"]
[Result "0-1"]
[ECO "A04"]
[WhiteElo "2472"]
[BlackElo "2218"]
[Annotator "ChessBase"]
[PlyCount "48"]
[EventDate "2018.12.28"]
[EventType "swiss"]
[EventCountry "ENG"]
[SourceTitle "playchess.com"]
[Source "ChessBase"]
[SourceQuality "1"]
[TimeControl "40/6000+30:3000+30"]

1. Nf3 c5 2. e3 Nf6 3. c4 g6 4. d4 cxd4 5. exd4 d5 6. Nc3 Nc6 7. Bg5 Be6 8. c5 Bg7 9. Bb5 Ne4 10. O-O O-O 11. Be3 Bg4 12. Bxc6 bxc6 13. h3 Bxf3 14. Qxf3 f5 15. Qd1 f4 16. Bc1 f3 17. g3 Qd7 18. Kh2 Rf5 19. h4 Nf6 20. Be3 Ng4+ 21. Kg1 Raf8 22. Re1 Rh5 23. Qd3 Rxh4 24. gxh4 Qc7 0-1

[Event "94th Tradewise Hastings Congress"]
[Site "Hastings"]
[Date "2018.12.28"]
[Round "1"]
[White "Bates, Richard A"]
[Black "Eames, Robert S"]
[Result "1-0"]
[ECO "D23"]
[WhiteElo "2372"]
[BlackElo "2167"]
[Annotator "NA"]
[PlyCount "73"]
[EventDate "2018.12.28"]
[EventType "swiss"]
[EventCountry "ENG"]
[SourceTitle "playchess.com"]
[Source "ChessBase"]
[SourceQuality "1"]
[TimeControl "40/6000+30:3000+30"]

1. d4 Nf6 2. Nf3 d5 3. c4 dxc4 4. Qa4+ c6 5. Qxc4 Bg4 6. Nbd2 Nbd7 7. g3 e6 8. Bg2 Bd6 9. Qb3 Nb6 10. O-O O-O 11. e4 Be7 12. Qe3 a5 13. b3 a4 14. Bb2 a3 15. Bc1 Nfd7 16. Nc4 c5 17. Nxb6 Qxb6 18. dxc5 Bxc5 19. Qf4 Bh5 20. Bd2 f5 21. Bc3 fxe4 22. Qxe4 Nf6 23. Qe5 Rf7 24. b4 Bd6 25. Qxe6 Re8 26. Qc4 Kh8 27. Rae1 Rxe1 28. Rxe1 Rc7 29. Qb3 Ng4 30. Qe6 Qxf2+ 31. Kh1 Bf8 32. Bd4 Qc2 33. Rf1 Rf7 34. h3 Nf6 35. Ng5 Re7 36. Rxf6 gxf6 37. Qxf6+ 1-0

[Event "94th Tradewise Hastings Congress"]
[Site "Hastings"]
[Date "2018.12.28"]
[Round "1"]
[White "Petrov, Vladimir Sergeev"]
[Black "Spiegel, Stefan"]
[Result "1/2-1/2"]
[ECO "B03"]
[WhiteElo "2365"]
[BlackElo "2124"]
[Annotator "NA"]
[PlyCount "91"]
[EventDate "2018.12.28"]
[EventType "swiss"]
[EventCountry "ENG"]
[SourceTitle "playchess.com"]
[Source "ChessBase"]
[SourceQuality "1"]
[TimeControl "40/6000+30:3000+30"]

1. e4 Nf6 2. e5 Nd5 3. d4 Nb6 4. c4 d6 5. exd6 cxd6 6. Nc3 g6 7. Be3 Bg7 8. Rc1 O-O 9. b3 Bf5 10. Be2 d5 11. c5 Nc8 12. Bf3 Nc6 13. Bxd5 Nb4 14. Bc4 b6 15. Nge2 bxc5 16. dxc5 Bd3 17. O-O Bxc4 18. bxc4 Qa5 19. a3 Nc6 20. Qd5 Qa6 21. Nb5 e6 22. Qe4 Rb8 23. Rfd1 Qb7 24. Rb1 N8e7 25. Nec3 Ne5 26. Qxb7 Rxb7 27. Nd6 Rd7 28. Ncb5 Rfd8 29. Rdc1 N7c6 30. Nd4 Nxd4 31. Bxd4 Nf3+ 32. gxf3 Bxd4 33. Nb7 Rb8 34. c6 Rc7 35. Rd1 Be5 36. Na5 Rxb1 37. Rxb1 Kf8 38. Rb7 Ke8 39. c5 Kd8 40. Rb8+ Ke7 41. Rb7 Kd8 42. Nc4 Bd4 43. Rb8+ Ke7 44. Rb7 Kd8 45. Rb8+ Ke7 46. Rb7 1/2-1/2

[Event "94th Tradewise Hastings Congress"]
[Site "Hastings"]
[Date "2018.12.28"]
[Round "1"]
[White "Taylor, Adam C"]
[Black "Groffen, Hans"]
[Result "1-0"]
[ECO "A25"]
[WhiteElo "2331"]
[BlackElo "2120"]
[Annotator "NA"]
[PlyCount "39"]
[EventDate "2018.12.28"]
[EventType "swiss"]
[EventCountry "ENG"]
[SourceTitle "playchess.com"]
[Source "ChessBase"]
[SourceQuality "1"]
[TimeControl "40/6000+30:3000+30"]

1. c4 e5 2. Nc3 Nc6 3. g3 f5 4. Nf3 Nf6 5. d4 e4 6. Nh4 d6 7. Nd5 g6 8. Bg5 Bg7 9. e3 O-O 10. Ng2 Ne7 11. h4 c6 12. Nxe7+ Qxe7 13. Nf4 Be6 14. h5 Bf7 15. g4 fxg4 16. hxg6 hxg6 17. Qxg4 d5 18. Bxf6 Qxf6 19. Qh3 Be8 20. Be2 1-0

[Event "94th Tradewise Hastings Congress"]
[Site "Hastings"]
[Date "2018.12.28"]
[Round "1"]
[White "Derakhshani, Borna"]
[Black "Snape, Ian L"]
[Result "1-0"]
[ECO "A35"]
[WhiteElo "2325"]
[BlackElo "2112"]
[Annotator "NA"]
[PlyCount "85"]
[EventDate "2018.12.28"]
[EventType "swiss"]
[EventCountry "ENG"]
[TimeControl "40/6000+30:3000+30"]

1. Nf3 Nf6 2. c4 g6 3. Nc3 Bg7 4. e3 c5 5. Be2 O-O 6. O-O Nc6 7. d4 cxd4 8. Nxd4 Nxd4 9. Qxd4 d6 10. Qh4 Be6 11. e4 Rc8 12. Nd5 b5 13. cxb5 Nxd5 14. exd5 Bxd5 15. Rd1 Be6 16. Be3 Rc2 17. Bd3 Rxb2 18. Qa4 Qd7 19. Qa6 Bd5 20. Bf1 Bb7 21. Qa5 Rc8 22. Rac1 h5 23. Rxc8+ Qxc8 24. Rc1 Qe6 25. Qxa7 Bd5 26. a4 h4 27. h3 Qe4 28. a5 Kh7 29. a6 f5 30. Re1 e6 31. Bh6 Qd4 32. Qxg7+ Qxg7 33. Bxg7 Kxg7 34. Rd1 Bb3 35. a7 Ra2 36. b6 Bxd1 37. b7 Rxa7 38. b8=Q Rf7 39. Qxd6 Bc2 40. Qd4+ Rf6 41. Qxh4 Bb3 42. Qd4 g5 43. Qe3 1-0

[Event "94th Tradewise Hastings Congress"]
[Site "Hastings"]
[Date "2018.12.28"]
[Round "1"]
[White "Peek, Marcel"]
[Black "White, Stuart A"]
[Result "0-1"]
[ECO "D38"]
[WhiteElo "2293"]
[BlackElo "2096"]
[Annotator "NA"]
[PlyCount "80"]
[EventDate "2018.12.28"]
[EventType "swiss"]
[EventCountry "ENG"]
[TimeControl "40/6000+30:3000+30"]

1. d4 d5 2. c4 e6 3. Nf3 Nf6 4. Nc3 Bb4 5. cxd5 exd5 6. Qa4+ Nc6 7. Bg5 h6 8. Bxf6 Qxf6 9. e3 O-O 10. Be2 a6 11. O-O Be6 12. Rfc1 Bd6 13. Qd1 Ne7 14. g3 g5 15. e4 dxe4 16. Nxe4 Qg7 17. Nxd6 cxd6 18. Rc7 Rfe8 19. Rxb7 Bd5 20. Rb6 Qf6 21. Ne5 Nc8 22. Ng4 Qe6 23. Rxa6 Qxe2 24. Rxa8 Bxa8 25. Nf6+ Kg7 26. Nxe8+ Qxe8 27. Rc1 Qe4 28. f3 Qe3+ 29. Kf1 Bxf3 30. Qe1 Be2+ 31. Kg2 Qf3+ 32. Kg1 Qe3+ 33. Kg2 Ne7 34. Qf2 Qxc1 35. Qxe2 Nf5 36. d5 Ne3+ 37. Kf2 Nd1+ 38. Kf3 Nxb2 39. Qa6 Qc3+ 40. Ke2 Qe5+ 0-1

[Event "94th Tradewise Hastings Congress"]
[Site "Hastings"]
[Date "2018.12.28"]
[Round "1"]
[White "Moore, Graham J"]
[Black "Korneev, Oleg"]
[Result "0-1"]
[ECO "C45"]
[WhiteElo "2235"]
[BlackElo "2550"]
[Annotator "ChessBase"]
[PlyCount "54"]
[EventDate "2018.12.28"]
[EventType "swiss"]
[EventCountry "ENG"]
[SourceTitle "playchess.com"]
[Source "ChessBase"]
[SourceQuality "1"]
[TimeControl "40/6000+30:3000+30"]

1. e4 e5 2. Nf3 Nc6 3. d4 exd4 4. Nxd4 Bc5 5. Nb3 Bb6 6. Nc3 Nf6 7. Qe2 O-O 8. Bg5 h6 9. Bh4 Nd4 10. Qd3 Nxb3 11. cxb3 c6 12. O-O-O d5 13. e5 Qc7 14. Bxf6 gxf6 15. Qg3+ Kh8 16. exf6 Qxg3 17. hxg3 Bxf2 18. Rxh6+ Kg8 19. Rd3 Re8 20. Kd2 Be1+ 21. Kd1 Bf5 22. Rf3 Bg4 23. Bd3 Bxg3 24. Bh7+ Kf8 25. Bd3 Bxf3+ 26. gxf3 Re1+ 27. Kc2 Rc1+ 0-1

[Event "94th Tradewise Hastings Congress"]
[Site "Hastings"]
[Date "2018.12.28"]
[Round "1"]
[White "Graham, David B"]
[Black "Petrov, Martin"]
[Result "0-1"]
[ECO "B23"]
[WhiteElo "2208"]
[BlackElo "2472"]
[Annotator "ChessBase"]
[PlyCount "58"]
[EventDate "2018.12.28"]
[EventType "swiss"]
[EventCountry "ENG"]
[SourceTitle "playchess.com"]
[Source "ChessBase"]
[SourceQuality "1"]
[TimeControl "40/6000+30:3000+30"]

1. e4 c5 2. Nc3 g6 3. f4 Bg7 4. Nf3 Nc6 5. Bc4 e6 6. f5 gxf5 7. d3 Nge7 8. O-O O-O 9. Bf4 a6 10. a4 d5 11. exd5 exd5 12. Bb3 Be6 13. Ne2 c4 14. Ba2 Ng6 15. Be3 cxd3 16. cxd3 d4 17. Bg5 Qd7 18. Qd2 Rae8 19. Ng3 Bxa2 20. Rxa2 f6 21. Bf4 Nce5 22. Ra3 Ng4 23. Rb3 Rf7 24. Rc1 Nxf4 25. Rc4 Bh6 26. Qa5 Rfe7 27. Nxf5 Qxf5 28. Qxf5 Re1+ 29. Nxe1 Rxe1# 0-1

[Event "94th Tradewise Hastings Congress"]
[Site "Hastings"]
[Date "2018.12.28"]
[Round "1"]
[White "Stoyanov, Viktor"]
[Black "Lalic, Bogdan"]
[Result "1/2-1/2"]
[ECO "A45"]
[WhiteElo "2205"]
[BlackElo "2420"]
[Annotator "NA"]
[PlyCount "73"]
[EventDate "2018.12.28"]
[EventType "swiss"]
[EventCountry "ENG"]
[SourceTitle "playchess.com"]
[Source "ChessBase"]
[SourceQuality "1"]
[TimeControl "40/6000+30:3000+30"]

1. d4 Nf6 2. Bf4 d5 3. e3 c5 4. c3 Nc6 5. Nd2 cxd4 6. exd4 Bf5 7. Ngf3 e6 8. Be2 Be7 9. h3 h6 10. Bh2 O-O 11. O-O Ne4 12. Nxe4 Bxe4 13. Re1 a6 14. Bd3 Bxd3 15. Qxd3 Qb6 16. Re2 Qb5 17. Qd1 Rac8 18. Ne5 Nxe5 19. Bxe5 Rfe8 20. a4 Qd7 21. Re3 f6 22. Bf4 Bd6 23. Qg4 Bxf4 24. Qxf4 Rc4 25. Qg4 Rxa4 26. Rxa4 Qxa4 27. Rxe6 Qd7 28. Rxe8+ Qxe8 29. Qf5 Qc6 30. Kh2 Kf7 31. h4 a5 32. Qh5+ Kf8 33. Qe2 b5 34. Qd3 b4 35. cxb4 Qd6+ 36. g3 Qxb4 37. b3 1/2-1/2

[Event "94th Tradewise Hastings Congress"]
[Site "Hastings"]
[Date "2018.12.28"]
[Round "1"]
[White "Royset, Pal"]
[Black "Gormally, Daniel W"]
[Result "0-1"]
[ECO "C42"]
[WhiteElo "2182"]
[BlackElo "2478"]
[Annotator "ChessBase"]
[PlyCount "76"]
[EventDate "2018.12.28"]
[EventType "swiss"]
[EventCountry "ENG"]
[SourceTitle "playchess.com"]
[Source "ChessBase"]
[SourceQuality "1"]
[TimeControl "40/6000+30:3000+30"]

1. e4 e5 2. Nf3 Nf6 3. Nc3 Bb4 4. Nd5 Nxd5 5. exd5 e4 6. Nd4 O-O 7. Bc4 d6 8. O-O Bc5 9. Nb3 Bb6 10. d3 exd3 11. Qxd3 Nd7 12. Qg3 Ne5 13. Bg5 Qd7 14. Be2 Qf5 15. c4 Re8 16. Rac1 Qg6 17. Rc3 Bf5 18. h4 h6 19. Bd2 Qxg3 20. Rxg3 Ng6 21. Bg4 Bxg4 22. Rxg4 h5 23. Rg5 Re4 24. g3 Ne5 25. Rxh5 Nf3+ 26. Kg2 Nxd2 27. Nxd2 Re2 28. Nb3 Rxb2 29. Rf5 Re8 30. Rc1 Rxa2 31. c5 dxc5 32. Nxc5 Ree2 33. d6 cxd6 34. Nxb7 g6 35. Rc8+ Kg7 36. Rf3 Bxf2 37. Nd8 Bb6+ 38. Kf1 Rh2 0-1

[Event "94th Tradewise Hastings Congress"]
[Site "Hastings"]
[Date "2018.12.28"]
[Round "1"]
[White "Sumit, Kumar"]
[Black "Cherniaev, Alexander"]
[Result "0-1"]
[ECO "B40"]
[WhiteElo "2179"]
[BlackElo "2393"]
[Annotator "NA"]
[PlyCount "71"]
[EventDate "2018.12.28"]
[EventType "swiss"]
[EventCountry "ENG"]
[SourceTitle "playchess.com"]
[Source "ChessBase"]
[SourceQuality "1"]
[TimeControl "40/6000+30:3000+30"]

1. e4 c5 2. Nf3 e6 3. d3 Nc6 4. g3 Nge7 5. Bg2 g6 6. O-O Bg7 7. c3 O-O 8. Re1 e5 9. Be3 d6 10. a3 f5 11. Qb3+ Kh8 12. Ng5 f4 13. Bc1 Qe8 14. Nd2 Ng8 15. Ngf3 Qe7 16. Qc2 g5 17. Rd1 Be6 18. b4 Rf7 19. b5 Na5 20. Bb2 Raf8 21. d4 Nc4 22. d5 Nxd2 23. Nxg5 Qxg5 24. dxe6 Rf6 25. Qxd2 Rxe6 26. f3 h5 27. Bh3 Rg6 28. Bf5 Rxf5 29. exf5 Qxf5 30. Qf2 fxg3 31. hxg3 Qh3 32. Qh2 Qf5 33. Qf2 Nh6 34. Kf1 e4 35. fxe4 Qxe4 36. Kg1 0-1

[Event "94th Tradewise Hastings Congress"]
[Site "Hastings"]
[Date "2018.12.28"]
[Round "1"]
[White "Anderson, John"]
[Black "Djuric, Stefan"]
[Result "1/2-1/2"]
[ECO "C68"]
[WhiteElo "2163"]
[BlackElo "2371"]
[Annotator "NA"]
[PlyCount "92"]
[EventDate "2018.12.28"]
[EventType "swiss"]
[EventCountry "ENG"]
[SourceTitle "playchess.com"]
[Source "ChessBase"]
[SourceQuality "1"]
[TimeControl "40/6000+30:3000+30"]

1. e4 e5 2. Nf3 Nc6 3. Bb5 a6 4. Bxc6 dxc6 5. O-O f6 6. d4 exd4 7. Nxd4 Bd6 8. Nc3 Ne7 9. Qh5+ Ng6 10. Be3 O-O 11. Rad1 Qe8 12. f4 Bb4 13. Nde2 f5 14. e5 Be6 15. a3 Be7 16. Nd4 Bc4 17. Rfe1 Qf7 18. Qf3 Rad8 19. Qf2 c5 20. Nf3 b6 21. g3 h6 22. h3 Kh7 23. Kh2 a5 24. Ng1 Qe6 25. Qf3 Ba6 26. Nge2 Qc8 27. Nd5 c4 28. h4 Qa8 29. h5 Nh8 30. Nec3 Bb7 31. Rd2 b5 32. Qd1 b4 33. Nxe7 bxc3 34. bxc3 Bf3 35. Rxd8 Rxd8 36. Qb1 Rf8 37. Qb5 Qe4 38. Bf2 Qxc2 39. Kg1 Qxc3 40. Qc5 Ba8 41. Nd5 Qf3 42. Qxf8 Bxd5 43. Qxf5+ Kg8 44. Qh3 Kh7 45. e6 Nf7 46. e7 Nd6 1/2-1/2

[Event "94th Tradewise Hastings Congress"]
[Site "Hastings"]
[Date "2018.12.28"]
[Round "1"]
[White "Taylor, Adam A"]
[Black "Murphy, Conor E"]
[Result "1/2-1/2"]
[ECO "A09"]
[WhiteElo "2122"]
[BlackElo "2331"]
[Annotator "NA"]
[PlyCount "82"]
[EventDate "2018.12.28"]
[EventType "swiss"]
[EventCountry "ENG"]
[SourceTitle "playchess.com"]
[Source "ChessBase"]
[SourceQuality "1"]
[TimeControl "40/6000+30:3000+30"]

1. Nf3 d5 2. c4 d4 3. e3 Nc6 4. exd4 Nxd4 5. Nxd4 Qxd4 6. d3 Nh6 7. Nc3 c6 8. Be2 Nf5 9. g4 Nh4 10. Rg1 Qe5 11. Rg3 Bxg4 12. Rxg4 Nf3+ 13. Kf1 Nxh2+ 14. Kg1 Nxg4 15. Bxg4 f5 16. d4 Qf6 17. Bf3 Rd8 18. Qb3 Rd7 19. d5 e5 20. dxc6 bxc6 21. Qb8+ Rd8 22. Qxa7 e4 23. Bh5+ g6 24. Be2 Bd6 25. c5 Be5 26. Bc4 Bxc3 27. bxc3 f4 28. Qa4 Kf8 29. Rb1 Qg5+ 30. Kf1 Qh5 31. Ke1 Qh1+ 32. Bf1 Qf3 33. Be2 Qxc3+ 34. Kf1 Qh3+ 35. Ke1 Qc3+ 36. Kf1 Qh3+ 37. Ke1 Qh1+ 38. Bf1 Qf3 39. Be2 Qh1+ 40. Bf1 Qf3 41. Be2 Qc3+ 1/2-1/2

[Event "94th Tradewise Hastings Congress"]
[Site "Hastings"]
[Date "2018.12.28"]
[Round "1"]
[White "Rolvag, Mikael"]
[Black "Lyell, Mark"]
[Result "1/2-1/2"]
[ECO "A20"]
[WhiteElo "2107"]
[BlackElo "2317"]
[Annotator "NA"]
[PlyCount "91"]
[EventDate "2018.12.28"]
[EventType "swiss"]
[EventCountry "ENG"]
[TimeControl "40/6000+30:3000+30"]

1. c4 e5 2. g3 Nf6 3. Bg2 h6 4. Nc3 Bb4 5. e4 O-O 6. Nge2 Nc6 7. O-O d6 8. h3 Be6 9. Nd5 Bc5 10. Kh2 Nh7 11. f4 f5 12. exf5 Bxf5 13. d3 Qd7 14. a3 a5 15. Nec3 Nd4 16. Ne4 Bxe4 17. Bxe4 c6 18. Nc3 Nf6 19. Bg2 Rad8 20. Rb1 Nf5 21. Ne4 Nxe4 22. dxe4 Ne3 23. Bxe3 Bxe3 24. f5 Bd4 25. Qe2 Rc8 26. Bf3 b5 27. Bg4 Rf6 28. b3 b4 29. a4 Qa7 30. Rbc1 Rcf8 31. h4 Qb7 32. Bh5 Qa7 33. Rcd1 Rd8 34. Rd3 Qb7 35. Bf3 Qe7 36. Bg2 Rff8 37. Qe1 Qf6 38. Qe2 Kf7 39. Bh3 Ke7 40. Rdd1 Rd7 41. Qh5 Kd8 42. Rd3 Kc7 43. g4 Qd8 44. Bg2 Rh8 45. Rh3 Qf8 46. Qg6 1/2-1/2

[Event "94th Tradewise Hastings Congress"]
[Site "Hastings"]
[Date "2018.12.28"]
[Round "1"]
[White "Willson, Ollie"]
[Black "Stefansson, Vignir Vatnar"]
[Result "0-1"]
[ECO "A80"]
[WhiteElo "2081"]
[BlackElo "2271"]
[Annotator "NA"]
[PlyCount "90"]
[EventDate "2018.12.28"]
[EventType "swiss"]
[EventCountry "ENG"]
[TimeControl "40/6000+30:3000+30"]

1. d4 f5 2. Bg5 h6 3. Bh4 g5 4. e3 Nf6 5. Bg3 d6 6. h4 g4 7. Nc3 Nh5 8. Nge2 Bg7 9. Qd3 O-O 10. O-O-O e6 11. Nf4 Nxf4 12. Bxf4 Qe8 13. f3 Nc6 14. fxg4 fxg4 15. Bg3 Ne7 16. e4 Nc6 17. Qe3 e5 18. d5 Nd4 19. Bd3 c5 20. Rdf1 Rxf1+ 21. Rxf1 b5 22. Rf2 a5 23. Nd1 b4 24. Kb1 a4 25. Qd2 Bd7 26. Ne3 a3 27. b3 Qg6 28. Qd1 h5 29. Qf1 Rf8 30. Rxf8+ Bxf8 31. Be1 Bh6 32. Nc4 Bb5 33. Nd2 Bxd2 34. Bxd2 Bxd3 35. Qxd3 Qf6 36. Qa6 Qd8 37. Bg5 Qc7 38. Qa8+ Kg7 39. Qe8 Qf7 40. Qd8 Ne2 41. Bc1 Nc3+ 42. Ka1 Nxe4 43. c4 bxc3 44. Qa8 Qf1 45. Qxa3 Kg6 0-1

[Event "94th Tradewise Hastings Congress"]
[Site "Hastings"]
[Date "2018.12.28"]
[Round "1"]
[White "Sugden, John N"]
[Black "Miller, Dominic"]
[Result "0-1"]
[ECO "D47"]
[WhiteElo "2072"]
[BlackElo "2061"]
[Annotator "NA"]
[PlyCount "72"]
[EventDate "2018.12.28"]
[EventType "swiss"]
[EventCountry "ENG"]
[TimeControl "40/6000+30:3000+30"]

1. d4 d5 2. c4 c6 3. Nf3 Nf6 4. Nc3 e6 5. e3 Nbd7 6. Bd3 dxc4 7. Bxc4 b5 8. Bd3 Bb7 9. e4 b4 10. Na4 c5 11. e5 Nd5 12. dxc5 Nxc5 13. Nxc5 Bxc5 14. Qa4+ Kf8 15. Bg5 Qb6 16. O-O h6 17. Bd2 g6 18. Rac1 Kg7 19. Qd1 Rhd8 20. Qe2 Ne7 21. Rfd1 a5 22. Be1 Rac8 23. Be4 Ba6 24. Qc2 Be3 25. Qb1 Bxc1 26. Rxc1 Rxc1 27. Qxc1 Bd3 28. Bxd3 Rxd3 29. Bd2 Qc6 30. Qb1 Qd5 31. Qc2 Nf5 32. Kf1 Qb5 33. Ke1 Nd4 34. Nxd4 Rxd4 35. f4 Rc4 36. Qb1 Qd5 0-1

[Event "94th Tradewise Hastings Congress"]
[Site "Hastings"]
[Date "2018.12.28"]
[Round "1"]
[White "Nettleton, Charlie B"]
[Black "Salmons, Calum"]
[Result "1-0"]
[ECO "A01"]
[WhiteElo "2059"]
[BlackElo "1905"]
[Annotator "NA"]
[PlyCount "71"]
[EventDate "2018.12.28"]
[EventType "swiss"]
[EventCountry "ENG"]
[TimeControl "40/6000+30:3000+30"]

1. b3 c5 2. Bb2 Nc6 3. e3 d6 4. Bb5 Bd7 5. Nf3 Nf6 6. O-O a6 7. Be2 e6 8. c4 d5 9. cxd5 exd5 10. d4 b5 11. dxc5 Bxc5 12. Nc3 Be6 13. Rc1 Qb6 14. Qc2 Be7 15. Nxb5 axb5 16. Qxc6+ Qxc6 17. Rxc6 Rxa2 18. Bxb5 O-O 19. Be5 Ng4 20. Bg3 Rb2 21. Nd4 Bd7 22. Rb6 Bxb5 23. Rxb5 Bg5 24. Re1 Nf6 25. Nf3 Bh6 26. Be5 Ra2 27. Bxf6 gxf6 28. Rxd5 Rb2 29. Nd4 Ra8 30. Rd1 Raa2 31. Nf5 Bf8 32. Rd8 h6 33. Rxf8+ Kh7 34. g4 Ra7 35. Rdd8 Rb1+ 36. Kg2 1-0

[Event "94th Tradewise Hastings Congress"]
[Site "Hastings"]
[Date "2018.12.28"]
[Round "1"]
[White "Armstrong, Malcolm J"]
[Black "Graham, Cassie M"]
[Result "1/2-1/2"]
[ECO "D04"]
[WhiteElo "2052"]
[BlackElo "1889"]
[Annotator "NA"]
[PlyCount "59"]
[EventDate "2018.12.28"]
[EventType "swiss"]
[EventCountry "ENG"]
[TimeControl "40/6000+30:3000+30"]

1. d4 Nf6 2. Nf3 g6 3. b3 Bg7 4. Bb2 O-O 5. e3 d5 6. Be2 c6 7. O-O Re8 8. c4 Bg4 9. Nc3 Nbd7 10. cxd5 cxd5 11. Rc1 Rc8 12. h3 Bf5 13. g4 Be6 14. Ng5 Nf8 15. Nxe6 Nxe6 16. f4 Qd6 17. Bb5 Rf8 18. Qf3 Rcd8 19. Bd3 a6 20. Rf2 b5 21. Rfc2 Rd7 22. h4 b4 23. Na4 Rc7 24. Nc5 Rfc8 25. g5 Ne8 26. Nxe6 Rxc2 27. Rxc2 Rxc2 28. Bxc2 Qxe6 29. Bd3 Nd6 30. Kf2 1/2-1/2

[Event "94th Tradewise Hastings Congress"]
[Site "Hastings"]
[Date "2018.12.28"]
[Round "1"]
[White "Barton, R Alan"]
[Black "Boswell, Jacob Connor"]
[Result "1/2-1/2"]
[ECO "A13"]
[WhiteElo "2037"]
[BlackElo "1858"]
[Annotator "NA"]
[PlyCount "113"]
[EventDate "2018.12.28"]
[EventType "swiss"]
[EventCountry "ENG"]
[TimeControl "40/6000+30:3000+30"]

1. Nf3 Nf6 2. c4 e6 3. b3 d5 4. Bb2 Be7 5. e3 O-O 6. Be2 a6 7. O-O dxc4 8. bxc4 c5 9. Ne5 Nbd7 10. Qc2 Qc7 11. f4 b6 12. Bf3 Bb7 13. Nc3 Bxf3 14. Rxf3 Nxe5 15. fxe5 Ng4 16. Rh3 h6 17. d4 Nxe3 18. Rxe3 cxd4 19. Ree1 dxc3 20. Qxc3 Rac8 21. Rac1 b5 22. cxb5 Qb6+ 23. Qd4 Qxb5 24. Qf2 Rfd8 25. Rxc8 Rxc8 26. Qe2 Qa4 27. Rc1 Rxc1+ 28. Bxc1 Qd4+ 29. Kf1 Bc5 30. Ke1 Qc3+ 31. Kd1 Ba3 32. Bxa3 Qxa3 33. Qc2 Qa5 34. Qc8+ Kh7 35. Qc2+ g6 36. Qb2 Qd5+ 37. Kc1 Qc5+ 38. Kd2 Qf2+ 39. Kc3 Qxb2+ 40. Kxb2 Kg7 41. Kc3 a5 42. Kb3 f5 43. Ka4 g5 44. Kxa5 Kf7 45. a4 Ke7 46. Kb6 f4 47. a5 g4 48. a6 f3 49. gxf3 gxf3 50. a7 f2 51. a8=Q f1=Q 52. Qb7+ Ke8 53. Qc6+ Ke7 54. Qd6+ Kf7 55. Qd7+ Kf8 56. Qd8+ Kf7 57. Qd7+ 1/2-1/2

[Event "94th Tradewise Hastings Congress"]
[Site "Hastings"]
[Date "2018.12.28"]
[Round "1"]
[White "Midhun, P U"]
[Black "Wilson, Matthew R"]
[Result "1-0"]
[ECO "A13"]
[WhiteElo "2010"]
[BlackElo "1820"]
[Annotator "NA"]
[PlyCount "105"]
[EventDate "2018.12.28"]
[EventType "swiss"]
[EventCountry "ENG"]
[TimeControl "40/6000+30:3000+30"]

1. Nf3 Nf6 2. c4 e6 3. g3 d5 4. Bg2 c6 5. b3 Bd6 6. Bb2 Nbd7 7. O-O O-O 8. d3 Re8 9. Nc3 e5 10. cxd5 cxd5 11. Nd2 Qa5 12. Nxd5 Nxd5 13. Nc4 Qa6 14. Bxd5 Nf6 15. Bg2 Bc7 16. b4 Bg4 17. Ne3 Be6 18. a4 Qd6 19. b5 Nd5 20. Nc4 Qe7 21. Nxe5 Bxe5 22. Bxe5 Bg4 23. Bxd5 Qxe5 24. Qb3 Re7 25. e3 Rd8 26. Bg2 Qh5 27. Rfc1 Be6 28. Qb4 Red7 29. Rc5 Qe2 30. d4 h6 31. Qe1 Qg4 32. Qd1 Qg6 33. Qc2 Qg4 34. h3 Qg6 35. Qxg6 fxg6 36. a5 g5 37. g4 Bd5 38. e4 Bf7 39. d5 h5 40. b6 axb6 41. axb6 hxg4 42. hxg4 Rd6 43. Rb1 Bg6 44. Rb4 Ra8 45. e5 Ra1+ 46. Kh2 Rd8 47. Rb2 Rf8 48. d6 Rf4 49. d7 Rxg4 50. d8=Q+ Kh7 51. Rc3 Rxg2+ 52. Kxg2 Be4+ 53. f3 1-0

[Event "94th Tradewise Hastings Congress"]
[Site "Hastings"]
[Date "2018.12.28"]
[Round "1"]
[White "Heinsohn, Michael"]
[Black "Carulla Pons, Carlos"]
[Result "1-0"]
[ECO "E74"]
[WhiteElo "1961"]
[BlackElo "1811"]
[Annotator "NA"]
[PlyCount "83"]
[EventDate "2018.12.28"]
[EventType "swiss"]
[EventCountry "ENG"]
[TimeControl "40/6000+30:3000+30"]

1. d4 Nf6 2. c4 g6 3. Nc3 Bg7 4. e4 d6 5. Be2 O-O 6. Bg5 c5 7. d5 h6 8. Bf4 Qa5 9. Qd2 Kh7 10. Nf3 Bg4 11. h3 Bxf3 12. Bxf3 Nbd7 13. O-O a6 14. Be2 Ne8 15. Be3 Rb8 16. a4 Qb6 17. Qc2 Kh8 18. a5 Qc7 19. Qd2 Kh7 20. f4 e5 21. f5 Nef6 22. g4 Ng8 23. Bd3 Qd8 24. Rf3 Bf6 25. Ne2 Bh4 26. Raf1 Qe7 27. Ng3 Bg5 28. Bxg5 Qxg5 29. Qxg5 hxg5 30. fxg6+ Kxg6 31. Nf5 b6 32. Nxd6 f6 33. Nf5 bxa5 34. Ra1 Rxb2 35. Rxa5 Rfb8 36. Rxa6 Rd2 37. Ra7 Rd8 38. Bf1 Nh6 39. Ne7+ Kf7 40. Nc6 Ke8 41. Nxd8 Kxd8 42. Rb3 1-0

[Event "94th Tradewise Hastings Congress"]
[Site "Hastings"]
[Date "2018.12.28"]
[Round "1"]
[White "Royal, Shreyas"]
[Black "Kalavannan, Koby"]
[Result "1/2-1/2"]
[ECO "E70"]
[WhiteElo "1930"]
[BlackElo "2328"]
[Annotator "NA"]
[PlyCount "102"]
[EventDate "2018.12.28"]
[EventType "swiss"]
[EventCountry "ENG"]
[TimeControl "40/6000+30:3000+30"]

1. d4 Nf6 2. c4 g6 3. Nc3 Bg7 4. e4 d6 5. Nge2 O-O 6. Ng3 h5 7. Be2 Nbd7 8. O-O e5 9. d5 h4 10. Nh1 Nh7 11. Be3 f5 12. exf5 gxf5 13. f4 Nc5 14. Nf2 Qe7 15. Qd2 a5 16. Rae1 e4 17. Bd4 Bd7 18. Bxg7 Qxg7 19. Nfd1 Rf6 20. Qd4 Qh6 21. Qf2 Rg6 22. Ne3 Kf7 23. Nb5 c6 24. Nd4 Rag8 25. Kh1 Rf6 26. Rd1 Ke7 27. Rd2 Nf8 28. Rfd1 Ng6 29. Rf1 Nf8 30. Rfd1 Ng6 31. Rf1 Na6 32. dxc6 bxc6 33. b3 Nc7 34. Bd1 Qf8 35. Bc2 Ne8 36. Qe1 Ng7 37. Rdf2 Qa8 38. Rd2 Kf7 39. Qd1 Qf8 40. Qe1 Nh5 41. Ne2 Qh6 42. Qf2 Rh8 43. Kg1 Rg8 44. Kh1 Ke7 45. a3 Rf7 46. Rfd1 Rf6 47. Rf1 Be6 48. b4 axb4 49. axb4 Rf7 50. b5 cxb5 51. cxb5 Rh7 1/2-1/2

[Event "94th Tradewise Hastings Congress"]
[Site "Hastings"]
[Date "2018.12.28"]
[Round "1"]
[White "Chapman, Matt"]
[Black "Comellas Blanchart, Jordi"]
[Result "0-1"]
[ECO "C56"]
[WhiteElo "1902"]
[BlackElo "2055"]
[Annotator "NA"]
[PlyCount "76"]
[EventDate "2018.12.28"]
[EventType "swiss"]
[EventCountry "ENG"]
[TimeControl "40/6000+30:3000+30"]

1. e4 e5 2. Nf3 Nc6 3. d4 exd4 4. Bc4 Nf6 5. e5 d5 6. Bb5 Ne4 7. Nxd4 Bc5 8. Be3 O-O 9. Nxc6 bxc6 10. Bxc5 Nxc5 11. Bxc6 Rb8 12. Qxd5 Qe7 13. O-O Rxb2 14. Na3 Rd8 15. Qf3 Ne6 16. Qc3 Rb6 17. Rfd1 Ba6 18. Bf3 c5 19. Rxd8+ Qxd8 20. Nc4 Rb4 21. Nd6 Qb6 22. Re1 Nd4 23. Bd5 Ne2+ 24. Rxe2 Bxe2 25. Bxf7+ Kf8 26. h3 Rd4 27. Bb3 c4 28. Ba4 Rd1+ 29. Kh2 Qxf2 30. Ne4 Qf4+ 31. Ng3 h5 32. Qb4+ Kg8 33. Qb8+ Kh7 34. Qc8 Qxe5 35. Bc6 h4 36. Be4+ g6 37. Bxg6+ Kg7 38. Qb7+ Kxg6 0-1